 Dungeon Crawl Stone Soup version 0.31-a0-968-g24f9ace8b5 (webtiles) character file.

Game seed: 16138678304863426233

8191 lessens the Nimble (level 11, -16/86 HPs)
             Began as a Gnoll Gladiator on Oct 27, 2023.
             Was a Believer of Okawaru.
             Demolished by a gargoyle
             ... wielding a +0 dire flail
              (24 damage)
             ... on level 10 of the Dungeon.
             The game lasted 00:14:28 (11291 turns).

lessens the Nimble (Gnoll Gladiator)               Turns: 11291, Time: 00:14:29

Health: -16/86     AC: 13    Str: 16    XL:     11   Next: 27%
Magic:  20/20      EV: 17    Int:  4    God:    Okawaru [**....]
Gold:   508        SH:  0    Dex: 19    Spells: 22/22 levels left

rFire   . . .        L - +0 dire flail
rCold   . . .        (shield currently unavailable)
rNeg    . . .        y - +0 chain mail
rPois   .            c - +0 helmet
rElec   .            (no cloak)
rCorr   .            (no gloves)
SInv    .            o - +1 pair of boots
Will    +....        (no amulet)
Stlth   +            F - +5 ring of evasion
HPRegen 0.34/turn    G - ring of willpower
MPRegen 0.17/turn

%: no passive effects
@: no status effects
A: fangs 1, strong nose, distributed training, agile 1, dopey 1, subdued magic 1
a: Renounce Religion, Heroism


You were on level 10 of the Dungeon.
You worshipped Okawaru.
Okawaru was pleased with you.
You visited 1 branch of the dungeon, and saw 10 of its levels.
You also visited: Ossuary.

You collected 508 gold pieces.

Inventory:

Hand Weapons
 a - a +0 war axe
 C - a +0 hand axe of venom
 L - a +0 dire flail (weapon)
Missiles
 d - 3 throwing nets
 h - 138 stones
 n - 3 javelins
 r - 32 poisoned darts (quivered)
 v - 14 boomerangs
Armour
 c - a +0 helmet (worn)
 o - a +1 pair of boots (worn)
 y - a +0 chain mail (worn)
Jewellery
 g - an amulet of faith
 D - a ring of see invisible
 F - a +5 ring of evasion (left hand)
 G - a ring of willpower (right hand)
 J - a +6 ring of strength
Wands
 E - a wand of roots (17)
 K - a wand of paralysis (14)
Scrolls
 b - a scroll of torment
 i - 3 scrolls of poison
 j - a scroll of butterflies {unknown}
 k - a scroll of acquirement {unknown}
 q - 2 scrolls of amnesia
 s - 2 scrolls of enchant armour
 t - 10 scrolls of teleportation
 u - a scroll of brand weapon {unknown}
 w - a scroll of immolation {unknown}
 z - a scroll of vulnerability {unknown}
 I - a scroll of fog {unknown}
 N - a scroll of enchant weapon {unknown}
 O - a scroll of blinking {unknown}
Potions
 e - a potion of cancellation
 f - 6 potions of curing
 l - a potion of enlightenment
 m - 3 potions of might
 p - 3 potions of attraction
 x - a potion of magic {unknown}
 A - 3 potions of invisibility
 B - 2 potions of resistance
 H - a potion of mutation
 M - a potion of haste


   Skills:
 + Level 7.8 Fighting
 + Level 6.2 Short Blades
 + Level 6.2 Long Blades
 + Level 9.1 Axes
 + Level 6.2 Maces & Flails
 + Level 6.2 Polearms
 + Level 6.2 Staves
 + Level 6.2 Ranged Weapons
 + Level 7.8 Throwing
 + Level 6.2 Armour
 + Level 9.1 Dodging
 + Level 6.2 Stealth
 + Level 6.2 Shields
 + Level 6.2 Unarmed Combat
 + Level 6.2 Spellcasting
 + Level 5.1 Conjurations
 + Level 5.1 Hexes
 + Level 5.1 Summonings
 + Level 5.1 Necromancy
 + Level 5.1 Translocations
 + Level 5.1 Transmutations
 + Level 5.1 Fire Magic
 + Level 5.1 Ice Magic
 + Level 5.1 Air Magic
 + Level 5.1 Earth Magic
 + Level 5.1 Poison Magic
 + Level 6.8 Invocations
 + Level 6.2 Evocations
 + Level 5.7 Shapeshifting


You had 22 spell levels left.
You didn't know any spells.
Your spell library contained the following spells:

 Spells                   Type           Power      Damage    Failure   Level
 Dazzling Flash           Conj/Hex       8%         N/A       67%         3
 Agony                    Necr           4%         N/A       100%        5
 Silence                  Hex/Air        2%         N/A       100%        5


Dungeon Overview and Level Annotations

Branches:
Dungeon (10/15) Zot: 24000  Temple (0/1) D:7         Ossuary (visited)
   Lair: D:8-11         Orc: D:9-12

Altars:
Nemelex Xobeh
Okawaru

Shops:
D:8 **

Annotations:
D:6 3 runed translucent doors, Ahpoh's ghost, novice BaFi
D:7 3 runed translucent doors, 0gre's ghost, novice GnIE; Kunndt's ghost, journeyman HOSh; PowderKeg's ghost, amateur FeSh; jakobj's ghost, novice DsMo


Innate Abilities, Weirdness & Mutations

You have very sharp teeth.
Your uncanny sense of smell can sniff out nearby items.
Your experience applies equally to all skills.
You are agile. (Dex +4, Str/Int -1)
You are dopey. (Int -2)
Your spells are a little easier to cast, but a little less powerful.


Message History

You climb downwards.
Found 9 gold pieces, a spear and a potion of heal wounds.
There is a stone staircase leading up here.
There are monsters nearby!
The gargoyle hits you with a +0 dire flail.
The ice beast barely misses you.
Your +0 hand axe of venom stops dripping with poison.
L - a +0 dire flail (weapon)
You puncture the ice beast!
The ice beast is heavily wounded.
The gargoyle hits you with a +0 dire flail!
The ice beast completely misses you.
You barely miss the ice beast.
The ice beast is heavily wounded.
The gargoyle hits you with a +0 dire flail.
The ice beast misses you.
You hit the ice beast.
The ice beast is heavily wounded.
The gargoyle misses you. The ice beast misses you.
You hit the ice beast. Your bite misses the ice beast.
The ice beast is severely wounded.
The gargoyle hurls a stone arrow at you.
The stone arrow hits you!! The ice beast misses you.
You puncture the ice beast!
You bite the ice beast, but do no damage.
The ice beast is almost dead.
The gargoyle misses you. The ice beast misses you.
You closely miss the ice beast.
You bite the ice beast, but do no damage.
The ice beast is almost dead.
The gargoyle hits you with a +0 dire flail.
The ice beast closely misses you.
You sock the ice beast!
You kill the ice beast!
Okawaru accepts your kill.
The gargoyle hits you with a +0 dire flail!!
* * * LOW HITPOINT WARNING * * *
You hit the gargoyle but do no damage.
The gargoyle hits you with a +0 dire flail!!
You die...

...........#
............#
............#
....#######.#
.....!.....#
#.........#
#.........#
#...9.....#
#....@....#
#.........#
#.....<...#
#.........#
#.........#
#...$.....#
#+####
#......)...#
.........#
##########.#
.# #..# .#


You could see a gargoyle.

Vanquished Creatures
  A two-headed ogre (D:8)
  Pikel (D:4)
  A cyclops (D:9)
  A rime drake (D:10)
  A troll (D:10)
  Sigmund (D:5)
  A wraith (Ossuary)
  A wyvern (D:8)
  14 yaks
  2 steam dragons
  A water moccasin (D:7)
  5 ice beasts
  An orc warrior (D:8)
  3 black bears
  3 centaurs
  2 ogres (D:5)
  A wolf (D:10)
  5 kobold brigands
  2 phantoms
  3 bullfrogs
  A gnoll sergeant (D:9)
  2 scorpions
  6 killer bees (D:8)
  10 howler monkeys
  2 hounds
  5 orc priests
  A jelly (D:5)
  2 sleepcaps
  An iguana (D:5)
  Terence (D:3)
  5 orc wizards
  A mummy (Ossuary)
  10 gnolls
  8 adders
  A shadow imp (D:7)
  3 white imps
  2 ufetubi (D:7)
  3 worms
  2 dart slugs
  12 orcs
  5 endoplasms
  A giant cockroach (D:2)
  12 goblins
  5 hobgoblins
  6 jackals
  3 quokkas
  7 ball pythons
  6 bats
  3 frilled lizards (D:2)
  9 gnoll skeletons (Ossuary)
  29 kobolds
  7 kobold skeletons (Ossuary)
  9 orc skeletons (Ossuary)
  4 rats
  A butterfly (D:3)
235 creatures vanquished.

Vanquished Creatures (others)
  A gnoll (D:9)
1 creature vanquished.

Grand Total: 236 creatures vanquished

Notes
Turn   | Place    | Note
-------+----------+-------------------------------------------
     0 | D:1      | lessens the Gnoll Gladiator began the quest for the Orb.
     0 | D:1      | Reached XP level 1. HP: 20/20 MP: 1/1
    43 | D:1      | Reached XP level 2. HP: 25/26 MP: 2/2
   219 | D:1      | Found a faded altar of an unknown god.
   414 | D:2      | Reached XP level 3. HP: 31/31 MP: 2/4
   433 | D:2      | Reached skill level 1 in Invocations
   446 | D:1      | Reached skill level 1 in Short Blades
   446 | D:1      | Reached skill level 1 in Long Blades
   446 | D:1      | Reached skill level 1 in Maces & Flails
   446 | D:1      | Reached skill level 1 in Polearms
   446 | D:1      | Reached skill level 1 in Staves
   446 | D:1      | Reached skill level 1 in Ranged Weapons
   446 | D:1      | Reached skill level 1 in Armour
   446 | D:1      | Reached skill level 1 in Stealth
   446 | D:1      | Reached skill level 1 in Shields
   446 | D:1      | Reached skill level 1 in Unarmed Combat
   446 | D:1      | Reached skill level 1 in Spellcasting
   446 | D:1      | Reached skill level 1 in Evocations
   670 | D:2      | Reached XP level 4. HP: 38/38 MP: 5/5
   735 | D:2      | Reached skill level 1 in Shapeshifting
   799 | D:2      | Reached skill level 1 in Conjurations
   799 | D:2      | Reached skill level 1 in Hexes
   799 | D:2      | Reached skill level 1 in Summonings
   799 | D:2      | Reached skill level 1 in Necromancy
   799 | D:2      | Reached skill level 1 in Translocations
   799 | D:2      | Reached skill level 1 in Transmutations
   799 | D:2      | Reached skill level 1 in Fire Magic
   799 | D:2      | Reached skill level 1 in Ice Magic
   799 | D:2      | Reached skill level 1 in Air Magic
   799 | D:2      | Reached skill level 1 in Earth Magic
   799 | D:2      | Reached skill level 1 in Poison Magic
  1829 | D:3      | Noticed Terence
  1840 | D:3      | Killed Terence
  1841 | D:3      | Reached XP level 5. HP: 34/43 MP: 5/7
  2800 | D:4      | Reached XP level 6. HP: 45/50 MP: 8/8
  2941 | D:4      | Reached skill level 5 in Fighting
  2941 | D:4      | Reached skill level 5 in Throwing
  2943 | D:4      | Found a sand-covered staircase.
  2952 | Ossuary  | Entered an ossuary
  2952 | Ossuary  | Noticed a wraith
  2952 | Ossuary  | Noticed a wraith
  2952 | Ossuary  | Noticed a wraith
  3087 | Ossuary  | Noticed a wraith
  3130 | Ossuary  | Killed a wraith
  3131 | Ossuary  | Reached XP level 7. HP: 14/56 MP: 10/10
  3380 | D:4      | Noticed Pikel
  3409 | D:4      | Killed Pikel
  3410 | D:4      | Reached XP level 8. HP: 36/63 MP: 10/12
  3717 | D:5      | Entered Level 5 of the Dungeon
  4021 | D:5      | Noticed Sigmund
  4048 | D:5      | Killed Sigmund
  4742 | D:5      | Reached XP level 9. HP: 43/69 MP: 14/14
  5846 | D:6      | Found a runed translucent gate.
  5846 | D:6      | Found a runed translucent gate.
  5848 | D:6      | Found a runed translucent gate.
  6555 | D:6      | Noticed Ahpoh's ghost (novice BaFi)
  6890 | D:7      | Found a staircase to the Ecumenical Temple.
  6918 | D:7      | You fall into a shaft and drop 3 floors!
  6918 | D:10     | Entered Level 10 of the Dungeon
  7044 | D:10     | Noticed a troll
  7049 | D:10     | Reached skill level 5 in Invocations
  7060 | D:10     | Killed a troll
  7342 | D:10     | Reached XP level 10. HP: 68/77 MP: 17/17
  7351 | D:10     | Reached skill level 5 in Short Blades
  7351 | D:10     | Reached skill level 5 in Long Blades
  7351 | D:10     | Reached skill level 5 in Maces & Flails
  7351 | D:10     | Reached skill level 5 in Polearms
  7351 | D:10     | Reached skill level 5 in Staves
  7351 | D:10     | Reached skill level 5 in Ranged Weapons
  7351 | D:10     | Reached skill level 5 in Armour
  7351 | D:10     | Reached skill level 5 in Stealth
  7351 | D:10     | Reached skill level 5 in Shields
  7351 | D:10     | Reached skill level 5 in Unarmed Combat
  7351 | D:10     | Reached skill level 5 in Spellcasting
  7351 | D:10     | Reached skill level 5 in Evocations
  7809 | D:10     | Reached skill level 5 in Shapeshifting
  7860 | D:10     | Noticed a gargoyle
  7941 | D:9      | Noticed a cyclops
  7960 | D:9      | Found an iron altar of Okawaru.
  7970 | D:9      | Became a worshipper of Warmaster Okawaru
  8268 | D:8      | Found Halegh's Elemental Accessories.
  8453 | D:8      | Reached * piety under Okawaru
  8696 | D:7      | Found a runed translucent gate.
  8696 | D:7      | Found a runed translucent gate.
  8698 | D:7      | Found a runed translucent gate.
  8699 | D:7      | Noticed jakobj's ghost (novice DsMo)
  8699 | D:7      | Noticed 0gre's ghost (novice GnIE)
  8700 | D:7      | Noticed Kunndt's ghost (journeyman HOSh)
  8700 | D:7      | Noticed PowderKeg's ghost (amateur FeSh)
  9093 | D:7      | Gained mutation: You are dopey. (Int -2) [potion of
                  | mutation]
  9093 | D:7      | Gained mutation: Your spells are a little easier to cast,
                  | but a little less powerful. [potion of mutation]
  9093 | D:7      | Gained mutation: You are agile. (Dex +4, Str/Int -1)
                  | [potion of mutation]
  9095 | D:7      | Reached XP level 11. HP: 5/84 MP: 19/19
  9785 | D:8      | Found Ruoschub's Assorted Antiques.
  9977 | D:8      | Reached skill level 5 in Conjurations
  9977 | D:8      | Reached skill level 5 in Hexes
  9977 | D:8      | Reached skill level 5 in Summonings
  9977 | D:8      | Reached skill level 5 in Necromancy
  9977 | D:8      | Reached skill level 5 in Translocations
  9977 | D:8      | Reached skill level 5 in Transmutations
  9977 | D:8      | Reached skill level 5 in Fire Magic
  9977 | D:8      | Reached skill level 5 in Ice Magic
  9977 | D:8      | Reached skill level 5 in Air Magic
  9977 | D:8      | Reached skill level 5 in Earth Magic
  9977 | D:8      | Reached skill level 5 in Poison Magic
 10112 | D:8      | Noticed a two-headed ogre
 10131 | D:8      | Killed a two-headed ogre
 10388 | D:9      | Found a sparkling altar of Nemelex Xobeh.
 10857 | D:9      | Killed a cyclops
 10857 | D:9      | Reached ** piety under Okawaru
 11291 | D:10     | Demolished by a gargoyle

Illustrated notes

Levels and vault maps discovered:
D:1:      dpeg_arrival_stone_temple_mockup, layout_rooms,
          dreamdust_ecumenical_altar_grove
D:2:      layout_basic
D:3:      kennysheep_goblin_castle, layout_loops_corners, grunt_ministairs_8,
          hangedman_glass_garden, uniq_terence
D:4:      layout_rooms, mainiacjoe_ossuary_entry_dusty_tomb, uniq_pikel
D:5:      layout_basic, uniq_sigmund
D:6:      layout_basic, gammafunk_ghost_icy
D:7:      layout_loops_corners, minmay_temple_entry_purple_smoke,
          gammafunk_ghost_cemetery, grunt_ministairs_9
D:8:      layout_basic, serial_shops, shop, amcnicky_mini_pool_small,
          st_stairs_13, nicolae_elemental_shop
D:9:      layout_basic, nemelex_xobeh_ov_fountains_minmay,
          mainiacjoe_overflow_boulevard, serial_curves, eino_curves_01,
          eino_curves_02
D:10:     layout_stronghold, hellmonk_lair_entry_icy, enter_bailey_5,
          kennysheep_generic_room_12

Skill      XL: |  1  2  3  4  5  6  7  8  9 10 11 |
---------------+----------------------------------+-----
Invocations    | 1 2 3 4 5 6 |  6.8
Short Blades   | 1 2 3 4 5 6 |  6.2
Long Blades    | 1 2 3 4 5 6 |  6.2
Maces & Flails | 1 2 3 4 5 6 |  6.2
Polearms       | 1 2 3 4 5 6 |  6.2
Staves         | 1 2 3 4 5 6 |  6.2
Ranged Weapons | 1 2 3 4 5 6 |  6.2
Armour         | 1 2 3 4 5 6 |  6.2
Stealth        | 1 2 3 4 5 6 |  6.2
Shields        | 1 2 3 4 5 6 |  6.2
Unarmed Combat | 1 2 3 4 5 6 |  6.2
Spellcasting   | 1 2 3 4 5 6 |  6.2
Evocations     | 1 2 3 4 5 6 |  6.2
Shapeshifting  | 1 2 3 4 5 |  5.7
Conjurations   | 1 2 3 4 5 |  5.1
Hexes          | 1 2 3 4 5 |  5.1
Summonings     | 1 2 3 4 5 |  5.1
Necromancy     | 1 2 3 4 5 |  5.1
Translocations | 1 2 3 4 5 |  5.1
Transmutations | 1 2 3 4 5 |  5.1
Fire Magic     | 1 2 3 4 5 |  5.1
Ice Magic      | 1 2 3 4 5 |  5.1
Air Magic      | 1 2 3 4 5 |  5.1
Earth Magic    | 1 2 3 4 5 |  5.1
Poison Magic   | 1 2 3 4 5 |  5.1
Fighting       | 5 6 7 |  7.8
Throwing       | 5 6 7 |  7.8
Axes           | 7 8 9 |  9.1
Dodging        | 7 8 9 |  9.1

Action                     |  1- 3 |  4- 6 |  7- 9 | 10-12 || total
---------------------------+-------+-------+-------+-------++-------
  Melee: War axe           |    83 |   181 |   175 |       ||   439
         Bite              |     6 |    16 |    60 |    62 ||   144
         Punch             |       |     3 |    12 |    14 ||    29
         Hand axe          |       |       |   163 |   290 ||   453
         Dire flail        |       |       |       |    13 ||    13
  Throw: Javelin           |     1 |       |       |       ||     1
         Dart              |       |     3 |     2 |       ||     5
  Evoke: Wand              |       |       |       |     9 ||     9
    Use: Scroll            |       |     4 |     4 |     4 ||    12
         Potion            |       |     3 |       |     2 ||     5
   Stab: Sleeping          |     1 |       |       |       ||     1
         Paralysed         |       |       |       |     2 ||     2
 Armour: Leather armour    |    45 |    20 |       |       ||    65
         Plate armour      |       |    77 |       |       ||    77
         Chain mail        |       |    82 |   267 |   179 ||   528
  Dodge: Dodged            |    79 |    94 |   184 |   243 ||   600

Table legend: (Time is in decaauts)
 A = Elapsed time spent in this place.
 B = Non-inter-level travel time spent in this place.
 C = Inter-level travel time spent in this place.
 D = Time resting spent in this place.
 E = Time spent auto-exploring this place.
 F = Levels seen in this place.
 G = Mean time per level.
                   A        B        C        D        E       F      G
               +--------+--------+--------+--------+--------+-----+--------+
         Total |  11327 |  11037 |    290 |   1169 |   7334 |  11 | 1029.7 |
       Dungeon |  11059 |  10769 |    290 |   1160 |   7332 |  10 | 1105.9 |
       Ossuary |    268 |    268 |      0 |      9 |      2 |   1 |  268.0 |
               +--------+--------+--------+--------+--------+-----+--------+

Top non-repeatable levels by time:
     D:5: 1788 daAuts
     D:9: 1284 daAuts
     D:8: 1246 daAuts
     D:3: 1236 daAuts
     D:7: 1184 daAuts
     D:6: 1079 daAuts
     D:2: 992 daAuts
    D:10: 932 daAuts
     D:4: 788 daAuts
     D:1: 525 daAuts
 Ossuary: 268 daAuts

Levels and vault maps discovered:
D:1:      dpeg_arrival_stone_temple_mockup, layout_rooms,
          dreamdust_ecumenical_altar_grove
D:2:      layout_basic
D:3:      kennysheep_goblin_castle, layout_loops_corners, grunt_ministairs_8,
          hangedman_glass_garden, uniq_terence
D:4:      layout_rooms, mainiacjoe_ossuary_entry_dusty_tomb, uniq_pikel
D:5:      layout_basic, uniq_sigmund
D:6:      layout_basic, gammafunk_ghost_icy
D:7:      layout_loops_corners, minmay_temple_entry_purple_smoke,
          gammafunk_ghost_cemetery, grunt_ministairs_9
D:8:      layout_basic, serial_shops, shop, amcnicky_mini_pool_small,
          st_stairs_13, nicolae_elemental_shop
D:9:      layout_basic, nemelex_xobeh_ov_fountains_minmay,
          mainiacjoe_overflow_boulevard, serial_curves, eino_curves_01,
          eino_curves_02
D:10:     layout_stronghold, hellmonk_lair_entry_icy, enter_bailey_5,
          kennysheep_generic_room_12
